 Dungeon Crawl Stone Soup version 0.29.1-15-g9cfb28693d (webtiles) character file.

Game seed: 5441497886944210737

284 joshua the Chopper (level 6, -1/84 HPs)
             Began as a Minotaur Berserker on Mar 24, 2023.
             Was a Believer of Trog.
             Succumbed to Crazy Yiuf's poison
             ... on level 2 of the Dungeon.
             The game lasted 00:04:45 (2071 turns).

joshua the Chopper (Minotaur Berserker)             Turns: 2071, Time: 00:04:46

Health: -1/84      AC:  3    Str: 23    XL:     6   Next: 7%
Magic:  3/5        EV: 12    Int:  4    God:    Trog [**....]
Gold:   70         SH:  0    Dex: 10    Spells: 5/5 levels left

rFire   . . .      SeeInvis .   a - +0 hand axe
rCold   . . .      Faith    .   (no shield)
rNeg    . . .      Spirit   .   j - +1 animal skin
rPois   .          Reflect  .   (helmet restricted)
rElec   .          Harm     .   (no cloak)
rCorr   .          Rampage  .   (no gloves)
Will    .....                   (no boots)
Stlth   ..........              (no amulet)
HPRegen 0.24/turn               (no ring)
MPRegen 0.09/turn               (no ring)

@: berserking, lethally poisoned (-1 -> -9), very quick
A: horns 2, retaliatory headbutt
a: Renounce Religion, Berserk, Trog's Hand


You were on level 2 of the Dungeon.
You worshipped Trog.
Trog was pleased with you.
You visited 1 branch of the dungeon, and saw 2 of its levels.

You collected 70 gold pieces.

Inventory:

Hand Weapons
 a - a +0 hand axe (weapon)
 i - a +0 flail
 k - a +0 dagger of venom
Armour
 b - a +0 animal skin
 g - a +0 leather armour
 j - a +1 animal skin (worn)
Wands
 h - a wand of polymorph (9)
Scrolls
 l - a scroll of identify {unknown}
Potions
 c - a potion of degeneration {unknown}
 d - 2 potions of curing {unknown}
 e - a potion of resistance {unknown}
 f - a potion of berserk rage {unknown}
 m - a potion of flight {unknown}


   Skills:
 * Level 5.1 Fighting
 * Level 5.1 Axes
 * Level 4.3 Armour
 * Level 4.0 Dodging


You had 5 spell levels left.
You didn't know any spells.
Your spell library was empty.

Dungeon Overview and Level Annotations

Branches:
Dungeon (2/15)

Altars:

Annotations:
D:2 Crazy Yiuf


Innate Abilities, Weirdness & Mutations

You have a pair of horns on your head.
You reflexively headbutt those who attack you in melee.


Message History

Could not explore, unopened runed door.
No reachable target in view!
Could not explore, unopened runed door.
No reachable target in view!
Could not explore, unopened runed door.
No reachable target in view!
You open the door. You hit Crazy Yiuf but do no damage.
Crazy Yiuf hits you with a +2 quarterstaff of chaos!
Crazy Yiuf freezes you.
You hit Crazy Yiuf.
Crazy Yiuf is lightly wounded.
Crazy Yiuf hits you with a +2 quarterstaff of chaos.
You feel your power leaking away.
You closely miss Crazy Yiuf.
Crazy Yiuf is lightly wounded.
Crazy Yiuf says, "Key ena sizzlefizz!"
Crazy Yiuf hits you with a +2 quarterstaff of chaos!
Crazy Yiuf freezes you.
You hit Crazy Yiuf.
Crazy Yiuf is moderately wounded.
Crazy Yiuf misses you.
Crazy Yiuf hits you with a +2 quarterstaff of chaos!
You are poisoned.
You hit Crazy Yiuf but do no damage. Your headbutt misses Crazy Yiuf.
Crazy Yiuf is moderately wounded.
* * * LOW HITPOINT WARNING * * *
You feel very sick.
Crazy Yiuf hits you with a +2 quarterstaff of chaos.
* * * LOW HITPOINT WARNING * * *
You resist with some effort.
A red film seems to cover your vision as you go berserk!
You feel yourself moving faster!
You feel mighty!
You feel sick.
Crazy Yiuf hits you with a +2 quarterstaff of chaos!
* * * LOW HITPOINT WARNING * * *
Unknown command.
Okay, then.
You slash Crazy Yiuf!
Crazy Yiuf is almost dead.
You die...

#####......# ####.### #
#......#######......# #
#...........##.##.#.###### #
#####.##.################....#
# ......##.# ####.# #
####..##.# ####.#### #.......#
### ♣♣##.....>.. #.#.....#
#)..#♣♣ ♣♣....##.####
##.##.##.#
#...g@♣♣♣♣..........#
.).......#
#...#♣..♣......##.#)##
##.##.##.# ###
♣♣♣.♣....###.#>.. ##.##.##.#
♣♣♣♣♣### #.#### ##..<....#
#..... #####.######### #####
#.###. .....[........# #.#.#
#.# #. .####.######### #.#.#
#.# #. .# #.# #.#.# #.# #.


You could see Crazy Yiuf.

Vanquished Creatures
  Sigmund (D:2)
  Jessica (D:2)
  Terence (D:2)
  Robin (D:2)
  A gnoll (D:1)
  A worm (D:2)
  A dart slug (D:1)
  3 endoplasms (D:1)
  4 giant cockroaches (D:1)
  11 goblins
  5 hobgoblins
  2 jackals (D:2)
  2 quokkas (D:1)
  3 ball pythons
  A frilled lizard (D:2)
  4 kobolds
  7 rats
49 creatures vanquished.

Notes
Turn   | Place    | Note
-------+----------+-------------------------------------------
     0 | D:1      | joshua the Minotaur Berserker began the quest for the Orb.
     0 | D:1      | Reached XP level 1. HP: 19/19 MP: 0/0
   245 | D:1      | Reached XP level 2. HP: 24/27 MP: 1/1
   493 | D:1      | Reached XP level 3. HP: 28/33 MP: 2/2
   764 | D:1      | Reached ** piety under Trog
   918 | D:2      | Noticed Jessica
   919 | D:2      | Noticed Robin
   931 | D:2      | Killed Jessica
   932 | D:2      | Reached XP level 4. HP: 33/41 MP: 3/3
   939 | D:2      | Noticed Terence
   944 | D:2      | Killed Robin
   965 | D:2      | Killed Terence
  1336 | D:2      | Found a faded altar of an unknown god.
  1580 | D:2      | Noticed Sigmund
  1593 | D:2      | Killed Sigmund
  1594 | D:2      | Reached skill level 5 in Fighting
  1594 | D:2      | Reached skill level 5 in Axes
  1594 | D:2      | Reached XP level 5. HP: 35/48 MP: 4/4
  1594 | D:2      | Reached XP level 6. HP: 41/56 MP: 5/5
  1778 | D:2      | Found a runed translucent door.
  1779 | D:2      | Noticed Crazy Yiuf
  2070 | D:2      | HP: 1/84 [Crazy Yiuf/+2 quarterstaff of chaos (12)]
  2071 | D:2      | Succumbed to Crazy Yiuf's poison

Illustrated notes

Levels and vault maps discovered:
D:1:      lightli_arrival_windingriver, layout_loops_ring, kennysheep_boxes
D:2:      layout_loops_ring, ebering_ecumenical_altar_abandoned,
          minmay_misc_feat_enclosed, uniq_sigmund, uniq_terence, uniq_jessica,
          uniq_crazy_yiuf_cottage, uniq_robin

Skill      XL: |  1  2  3  4 |
---------------+-------------+-----
Axes           | 4 5 |  5.1
Fighting       | 4 5 |  5.1
Armour         | 3 4 |  4.3
Dodging        | 3 4 |  4.0

Action                   |  1- 3 |  4- 6 || total
-------------------------+-------+-------++-------
Melee: Hand axe          |    56 |    71 ||   127
       Headbutt          |     6 |     8 ||    14
       Punch             |     1 |     1 ||     2
Invok: Berserk           |       |     1 ||     1
 Stab: Sleeping          |       |     1 ||     1
Armor: Animal skin       |    13 |     5 ||    18
       Skin              |       |    19 ||    19
Dodge: Dodged            |    27 |    31 ||    58
